 Dungeon Crawl Stone Soup version 0.29.1-13-g9f3cf754e1 (webtiles) character file.

Game seed: 3478532624552622177

6256 bjubeck the Fighter (level 10, -20/91 HPs)
             Began as a Minotaur Fighter on Feb 1, 2023.
             Was a Believer of Makhleb.
             Demolished by a catoblepas (26 damage)
             ... on level 1 of the Lair of Beasts.
             The game lasted 00:19:31 (6963 turns).

bjubeck the Fighter (Minotaur Fighter)              Turns: 6963, Time: 00:19:31

Health: -20/91     AC: 13    Str: 30    XL:     10   Next: 62%
Magic:  14/14      EV: 13    Int:  7    God:    Makhleb [**....]
Gold:   377        SH: 10    Dex:  9    Spells: 9/9 levels left

rFire   . . .      SeeInvis +   D - +9 war axe "Zuane" {flame, Str+4 Int+2 SInv Stlth-}
rCold   . . .      Faith    +   M - +0 kite shield
rNeg    . . .      Spirit   .   b - +0 scale mail
rPois   .          Reflect  .   (helmet restricted)
rElec   +          Harm     .   Q - +0 cloak
rCorr   .          Rampage  +   U - +0 pair of gloves
Will    .....                   o - +1 pair of boots
Stlth   ..........              B - amulet "Ydunus" {Faith Rampage rElec Regen+}
HPRegen 1.05/turn               r - +4 ring of evasion
MPRegen 0.14/turn               (no ring)

@: no status effects
A: horns 2, retaliatory headbutt
a: Renounce Religion, Minor Destruction


You were on level 1 of the Lair of Beasts.
You worshipped Makhleb.
Makhleb was pleased with you.
You visited 3 branches of the dungeon, and saw 10 of its levels.

You collected 377 gold pieces.

Inventory:

Hand Weapons
 a - a +0 war axe
 y - a +1 war axe of electrocution
 D - the +9 war axe "Zuane" (weapon) {flame, Str+4 Int+2 SInv Stlth-}
   (You found it on level 5 of the Dungeon)

   It burns those it strikes, dealing additional fire damage.
   Big, fiery blades are also staple armaments of hydra-hunters.
   Str:       It affects your strength (+4).
   Int:       It affects your intelligence (+2).
   SInv:      It lets you see invisible.
   Stlth:     It makes you less stealthy.
 J - the +5 scythe "Finisher" {speed, eviscerate}
   (You found it on level 7 of the Dungeon)

   Attacks with this weapon are significantly faster.
   It may eviscerate those it strikes, slaying them instantly, with a decreasing
   chance against stronger foes.
 R - the +7 falchion "Dragon's Tongue" {pain, rCorr Int+4}
   (You found it on level 8 of the Dungeon)

   In the hands of one skilled in necromantic magic, it inflicts extra damage on
   living creatures.
   Int:       It affects your intelligence (+4).
   rCorr:     It protects you from acid and corrosion.
Missiles
 N - 2 throwing nets (quivered)
Armour
 b - a +0 scale mail (worn)
 c - a +0 buckler
 o - a +1 pair of boots (worn)
 s - the +1 buckler "Zoeray" {Rampage rN+ rCorr Dex-5}
   (You found it on level 4 of the Dungeon)

   Dex:       It affects your dexterity (-5).
   rN:        It protects you from negative energy.
   rCorr:     It protects you from acid and corrosion.
   Rampage:   It bestows one free step when moving towards enemies.
 K - +0 steam dragon scales
 M - a +0 kite shield (worn)
 Q - a +0 cloak (worn)
 U - a +0 pair of gloves (worn)
Jewellery
 r - a +4 ring of evasion (left hand)
 v - an amulet of the acrobat
 x - an amulet of magic regeneration
 B - the amulet "Ydunus" (around neck) {Faith Rampage rElec Regen+}
   (You found it on level 4 of the Dungeon)

   [amulet of faith]

   It allows you to gain divine favour quickly.
   rElec:     It insulates you from electricity.
   Regen:     It increases your rate of health regeneration.
   Rampage:   It bestows one free step when moving towards enemies.
 F - an amulet of guardian spirit
Wands
 m - a wand of roots (12)
 u - a wand of charming (15)
 P - a wand of flame (12)
Scrolls
 f - a scroll of vulnerability {unknown}
 g - 3 scrolls of fog {unknown}
 j - 6 scrolls of identify {unknown}
 l - 3 scrolls of teleportation {unknown}
 p - 2 scrolls of enchant armour {unknown}
 q - a scroll of enchant weapon {unknown}
 I - a scroll of magic mapping {unknown}
 O - a scroll of acquirement {unknown}
 S - a scroll of amnesia {unknown}
 T - a scroll of poison {unknown}
Potions
 d - a potion of might
 e - 3 potions of resistance {unknown}
 h - 2 potions of curing
 i - 2 potions of heal wounds {unknown}
 k - 2 potions of invisibility {unknown}
 n - a potion of berserk rage {unknown}
 t - a potion of cancellation {unknown}
 w - 3 potions of attraction {unknown}
 z - a potion of brilliance {unknown}
 A - 4 potions of flight {unknown}
 C - a potion of mutation {unknown}
 E - a potion of lignification {unknown}
 G - a potion of degeneration {unknown}
 H - 2 potions of ambrosia {unknown}
 L - a potion of haste {unknown}


   Skills:
 + Level 9.3 Fighting
 + Level 8.9 Axes
 + Level 9.3 Armour
 + Level 9.3 Shields
 * Level 7.6 Invocations


You had 9 spell levels left.
You didn't know any spells.
Your spell library contained the following spells:

 Spells                   Type           Power      Damage    Failure   Level
 Apportation              Tloc           0%         N/A       90%         1
 Foxfire                  Conj/Fire      0%         2x1d4     90%         1
 Necrotise                Necr           0%         1d4       90%         1
 Sandblast                Erth           0%         2d4       90%         1
 Summon Small Mammal      Summ           0%         N/A       90%         1
 Ensorcelled Hibernation  Hex/Ice        0%         N/A       97%         2
 Passwall                 Tmut/Erth      0%         N/A       97%         2
 Conjure Flame            Conj/Fire      0%         6-21      99%         3
 Inner Flame              Hex/Fire       0%         N/A       99%         3
 Spider Form              Tmut/Pois      0%         N/A       99%         3
 Stone Arrow              Conj/Erth      0%         3d7       99%         3
 Summon Guardian Golem    Hex/Summ       0%         N/A       99%         3
 Anguish                  Hex/Necr       0%         N/A       100%        4
 Cause Fear               Hex            0%         N/A       100%        4
 Flame Wave               Conj/Fire      0%         2d4       100%        4
 Alistair's Intoxication  Tmut/Pois      0%         N/A       100%        5
 Dragon Form              Tmut           0%         N/A       100%        7
 Orb of Destruction       Conj           0%         9d5       100%        7
 Spellforged Servitor     Conj/Summ      0%         N/A       100%        7
 Dragon's Call            Summ           0%         N/A       100%        9


Dungeon Overview and Level Annotations

Branches:
Dungeon (8/15)             Temple (1/1) D:5            Lair (1/5) D:8

Altars:
Ashenzari
Elyvilon
Fedhas
Gozag
Hepliaklqana
Kikubaaqudgha
Makhleb
Nemelex Xobeh
Okawaru
Qazlal
Ru
Sif Muna
Trog
Vehumet
Wu Jian
Xom
Yredelemnul
Zin
The Shining One

Shops:
D:5 (

Annotations:
D:8 1 runed translucent door


Innate Abilities, Weirdness & Mutations

You have a pair of horns on your head.
You reflexively headbutt those who attack you in melee.


Message History

The blast of calcifying dust hits you but does no damage.
You hit the catoblepas but do no damage.
You headbutt the catoblepas!
The catoblepas is severely wounded.
You are engulfed in calcifying dust.
You are slowing down.
The catoblepas breathes a plume of calcifying dust at you.
The blast of calcifying dust hits you.
You slash the catoblepas! You burn the catoblepas.
The catoblepas is almost dead.
You are engulfed in calcifying dust.
The catoblepas gores you!!
The catoblepas breathes a plume of calcifying dust at you.
The blast of calcifying dust hits you.
Your limbs are stiffening.
You slash the catoblepas! You burn the catoblepas.
The catoblepas is almost dead.
You are engulfed in calcifying dust.
Your limbs have turned to stone.
The catoblepas breathes a plume of calcifying dust at you.
The blast of calcifying dust hits you! You block the catoblepas's attack.
You have turned to stone.
You are engulfed in calcifying dust.
The catoblepas gores you!! The catoblepas barely misses you.
The catoblepas breathes a plume of calcifying dust at you.
The blast of calcifying dust hits you.
You are engulfed in calcifying dust.
The catoblepas gores you!!
You are engulfed in calcifying dust.
The catoblepas gores you.
You are engulfed in calcifying dust.
The catoblepas gores you!!
* * * LOW HITPOINT WARNING * * *
You are engulfed in calcifying dust.
The catoblepas gores you!!
* * * LOW HITPOINT WARNING * * *
The catoblepas gores you!
* * * LOW HITPOINT WARNING * * *
The catoblepas stomps with a crash on the ground.
The catoblepas gores you but does no damage.
The catoblepas gores you.
* * * LOW HITPOINT WARNING * * *
You turn to flesh and can move again.
You hit the catoblepas. You burn the catoblepas.
The catoblepas is almost dead.
The catoblepas gores you!!
You die...

###........#####..#...# #...P.
#P.....##.#...#.##...####....
........####...#.##...........
###.....# #......#..###P##.#.
#...... #P.#.#....# ####.##
......# ##.#.#....# #.#
..^..### #.#.#......# ..#
##....#..........#
#Y@.....#.......##
#.....####......# #..#....#
#......# #.##.....# ......#
... #....... ..# #......## #..
?...P!... #. ##PP.P.P.


You could see a catoblepas.

Vanquished Creatures
  A two-headed ogre (D:8)
  A skeletal warrior (D:7)
  A cane toad (Lair:1)
  2 komodo dragons (Lair:1)
  Grinder (D:6)
  Sigmund (D:6)
  3 wraiths (D:7)
  A steam dragon (D:7)
  Grum (D:8)
  2 wyverns (Lair:1)
  2 vampire mosquitoes (D:8)
  Menkaure (D:5)
  3 water moccasins
  A sky beast (D:7)
  2 black bears
  An ice beast (D:8)
  An orc warrior (D:8)
  An ogre (D:3)
  2 wolves (D:8)
  A centaur (D:5)
  Blork the orc (D:6)
  A gnoll sergeant (D:8)
  4 scorpions
  6 killer bees (D:7)
  2 howler monkeys
  5 orc priests
  2 hounds
  3 jellies
  An iguana (D:5)
  2 orc wizards
  Natasha (thrice) (D:2)
  6 adders
  7 gnolls
  A shadow imp (D:6)
  An ufetubus (D:6)
  4 worms
  A dart slug (D:2)
  32 orcs
  14 endoplasms
  7 giant cockroaches
  15 goblins
  9 hobgoblins
  17 jackals
  5 kobolds
  6 quokkas
  9 ball pythons
  4 bats
  4 frilled lizards
  12 rats
213 creatures vanquished.

Vanquished Creatures (others)
  2 fungi (D:2)
  A plant (Lair:1)
3 creatures vanquished.

Grand Total: 216 creatures vanquished

Notes
Turn   | Place    | Note
-------+----------+-------------------------------------------
     0 | D:1      | bjubeck the Minotaur Fighter began the quest for the Orb.
     0 | D:1      | Reached XP level 1. HP: 19/19 MP: 0/0
     1 | D:1      | Found a runed translucent door.
    56 | D:1      | Reached XP level 2. HP: 27/27 MP: 1/1
   318 | D:1      | Reached XP level 3. HP: 33/33 MP: 2/2
   767 | D:2      | Reached XP level 4. HP: 40/40 MP: 3/3
  1061 | D:2      | Noticed Natasha
  1068 | D:2      | Killed Natasha
  1193 | D:2      | Noticed Natasha
  1201 | D:2      | Killed Natasha
  1376 | D:2      | Found a faded altar of an unknown god.
  1565 | D:2      | Noticed Natasha
  1571 | D:2      | Killed Natasha
  1572 | D:2      | Reached XP level 5. HP: 36/47 MP: 4/4
  2399 | D:3      | Reached skill level 5 in Armour
  2399 | D:3      | Reached skill level 5 in Shields
  2435 | D:3      | Reached skill level 5 in Fighting
  2688 | D:3      | Noticed an ogre
  2703 | D:3      | Killed an ogre
  2704 | D:3      | Reached XP level 6. HP: 49/56 MP: 5/5
  3119 | D:4      | Reached skill level 5 in Axes
  3167 | D:4      | Identified the +1 buckler "Zoeray" {Rampage rN+ rCorr
                  | Dex-5}
  3204 | D:4      | Reached XP level 7. HP: 48/62 MP: 6/6
  3439 | D:4      | Found a sparkling altar of Nemelex Xobeh.
  3440 | D:4      | Found an opulent altar of Gozag.
  3524 | D:4      | Identified the amulet "Ydunus" {Faith Rampage rElec Regen+}
  3748 | D:5      | Entered Level 5 of the Dungeon
  3798 | D:5      | Noticed Menkaure
  3984 | D:5      | Identified the +9 war axe "Zuane" {flame, Str+4 Int+2 SInv
                  | Stlth-}
  4124 | D:5      | Killed Menkaure
  4166 | D:5      | Found Ygemilih's Weapon Emporium.
  4227 | D:5      | Reached XP level 8. HP: 69/71 MP: 7/7
  4265 | D:5      | Found a staircase to the Ecumenical Temple.
  4276 | Temple   | Entered the Ecumenical Temple
  4295 | Temple   | Became a worshipper of Makhleb the Destroyer
  4464 | D:6      | Noticed Sigmund
  4468 | D:6      | Killed Sigmund
  4469 | D:6      | Reached skill level 1 in Invocations
  4760 | D:6      | Noticed Blork the orc
  4764 | D:6      | Killed Blork the orc
  5080 | D:6      | Noticed Grinder
  5086 | D:6      | Killed Grinder
  5397 | D:7      | Found a bloodstained altar of Trog.
  5453 | D:7      | Noticed a skeletal warrior
  5453 | D:7      | Found the +5 scythe "Finisher" {speed, eviscerate}
  5462 | D:7      | Reached XP level 9. HP: 79/79 MP: 9/11
  5468 | D:7      | Killed a skeletal warrior
  5468 | D:7      | Reached * piety under Makhleb
  5474 | D:7      | Reached skill level 5 in Invocations
  5923 | D:8      | Noticed Grum
  5923 | D:8      | Found a sacrificial altar of Ru.
  5933 | D:8      | Killed Grum
  6056 | D:8      | Reached XP level 10. HP: 74/90 MP: 13/13
  6168 | D:8      | Found a shimmering altar of Xom.
  6193 | D:8      | Noticed a two-headed ogre
  6197 | D:8      | Killed a two-headed ogre
  6197 | D:8      | Reached ** piety under Makhleb
  6354 | D:8      | Found a staircase to the Lair.
  6550 | D:8      | Identified the +7 falchion "Dragon's Tongue" {pain, rCorr
                  | Int+4}
  6664 | D:8      | Found a runed translucent door.
  6666 | D:8      | Noticed a centaur warrior
  6666 | D:8      | Noticed a six-headed hydra
  6717 | Lair:1   | Entered Level 1 of the Lair of Beasts
  6770 | Lair:1   | Noticed a cane toad
  6777 | Lair:1   | Killed a cane toad
  6945 | Lair:1   | Noticed a catoblepas
  6960 | Lair:1   | HP: 4/91 [catoblepas (4)]
  6963 | Lair:1   | Demolished by a catoblepas

Illustrated notes

Levels and vault maps discovered:
D:1:      dpeg_arrival_caged_fury, layout_rooms, hangedman_decor_growths
D:2:      layout_loops_cross, dreamdust_ecumenical_altar_hidden_monk_grotto,
          uniq_natasha
D:3:      layout_basic, minmay_ogre_servants
D:4:      layout_rooms, grunt_temple_overflow_opulence, amethyst_killhole
D:5:      layout_basic, minmay_temple_entry_antechambers, serial_shops,
          nicolae_shop_behind_doors, grunt_ministairs_9, uniq_menkaure
D:6:      layout_basic, uniq_grinder, uniq_blork_the_orc, uniq_sigmund
D:7:      layout_gridville, trog_three_pillars_becter,
          minmay_guarded_unrand_finisher
D:8:      layout_loops_corners, overflow_temple_1_default,
          mainiacjoe_overflow_catwalk, lair_entry_dummy, wad_hexagon, uniq_grum
Temple:   nicolae_temple_x_marks_the_god
Lair:1:   minmay_lair_venomous_thicket, layout_misc_corridors

Skill      XL: |  1  2  3  4  5  6  7  8  9 10 |
---------------+-------------------------------+-----
Fighting       | 4 5 6 7 8 9 |  9.3
Armour         | 4 5 6 7 8 9 |  9.3
Shields        | 4 5 6 7 8 9 |  9.3
Axes           | 3 4 5 6 7 8 |  8.9
Invocations    | 4 6 7 |  7.6

Action                   |  1- 3 |  4- 6 |  7- 9 | 10-12 || total
-------------------------+-------+-------+-------+-------++-------
Melee: War axe           |    91 |   151 |   130 |    56 ||   428
       Headbutt          |     9 |    18 |    17 |     8 ||    52
  Use: Potion            |       |     1 |       |       ||     1
Armor: Scale mail        |    61 |    72 |    47 |    14 ||   194
Dodge: Dodged            |    58 |   120 |    72 |    23 ||   273
Block: Buckler           |    32 |    31 |    16 |       ||    79
       Kite shield       |       |       |    10 |    17 ||    27
